 Dungeon Crawl Stone Soup version 0.32-a0-779-g362cfcae2a (webtiles) character file.

Game seed: 12725081154380336730

58 retardedninja the Trooper (level 4, -4/37 HPs)
             Began as a Coglin Fighter on Mar 19, 2024.
             Slain by a gnoll
             ... wielding a +0 halberd
              (9 damage)
             ... on level 2 of the Dungeon.
             The game lasted 00:01:41 (1119 turns).

retardedninja the Trooper (Coglin Fighter)          Turns: 1119, Time: 00:01:41

Health: -4/37      AC: 11    Str: 19    XL:     4   Next: 2%
Magic:  4/4        EV:  4    Int:  7    God:
Gold:   85         SH:  0    Dex: 13    Spells: 3/3 levels left

rFire   . . .        a - +0 war axe {Mettia}
rCold   . . .        g - +0 short sword {Lin}
rNeg    . . .        j - +0 plate armour
rPois   .            (no helmet)
rElec   .            (no cloak)
rCorr   .            (no gloves)
SInv    .            (no boots)
Will    .....        (amulet unavailable) Stlth
                     (ring unavailable)
HPRegen 0.26/turn    (ring unavailable)
MPRegen 0.09/turn    (no gizmo)

%: no passive effects
@: invisible, revved
A: off-hand wielding, slow wielding, warmup strikes, no jewellery
a: Invent Gizmo


You were on level 2 of the Dungeon.
You visited 1 branch of the dungeon, and saw 2 of its levels.

You collected 85 gold pieces.

Inventory:

Hand Weapons
 a - a +0 war axe (weapon) {Mettia}
 g - a +0 short sword (offhand) {Lin}
Armour
 j - a +0 plate armour (worn)
Scrolls
 b - 2 scrolls of revelation {unknown}
 h - a scroll of fear
Potions
 c - a potion of mutation
 d - a potion of might
 i - a potion of magic {unknown}


   Skills:
 * Level 3.7 Fighting
 * Level 3.0 Axes
 + Level 3.1 Armour
 - Level 2.2 Shields


You had 3 spell levels left.
You didn't know any spells.
Your spell library contained the following spells:

 Spells                   Type           Power      Damage    Failure   Level
 Apportation              Tloc           0%         N/A       100%        1
 Jinxbite                 Hex            0%         N/A       100%        2
 Alistair's Intoxication  Alch           0%         N/A       100%        5


Dungeon Overview and Level Annotations

Branches:
Dungeon (2/15)

Altars:


Innate Abilities, Weirdness & Mutations

You can wield a second weapon in your off-hand.
It takes a long time for you to wield or remove held weapons.
Your first few attacks do less damage.
You cannot equip rings or amulets.


Message History

The gnoll is severely wounded.
You catch the helpless gnoll completely off-guard!
You hit the gnoll with your +0 short sword.
You kill the gnoll!
The gnoll barely misses you.
You hit the gnoll with your +0 short sword.
The gnoll is moderately wounded.
You slash the gnoll with your +0 war axe!
You kill the gnoll!
The quokka bites you but does no damage.
Your Axes skill increases to level 3!
You have reached level 4!
You feel stronger.
You barely miss the quokka with your +0 war axe.
You hit the quokka with your +0 short sword.
The quokka barely misses you. The gnoll barely misses you.
You miss the quokka with your +0 war axe.
The quokka is lightly wounded.
You barely miss the quokka with your +0 short sword.
The quokka bites you.
The gnoll hits you from afar with a +0 halberd.
You slash the quokka with your +0 war axe!
You kill the quokka!
The gnoll hits you from afar with a +0 halberd.
Items here: ))) †††.
Found a stone staircase leading down.
The gnoll hits you with a +0 halberd.
* * * LOW HITPOINT WARNING * * *
The gnoll hits you but does no damage.
You hit the gnoll with your +0 short sword.
The gnoll is lightly wounded.
You strike the helpless gnoll from behind!
You slash the gnoll with your +0 war axe!
The gnoll hits you with a +0 halberd.
* * * LOW HITPOINT WARNING * * *
You hit the gnoll but do no damage.
The gnoll is almost dead.
You closely miss the gnoll with your +0 war axe.
The gnoll hits you with a +0 halberd!
You die...

#..#####
##.....##
#####..###
##...# ###.#
#)# ##### #.###
......#...#.###
#..@g......
#####....##
..#..# .## .# #
>


You could see a gnoll (unable to see you).

Vanquished Creatures
  3 gnolls (D:2)
  3 bats (D:1)
  An endoplasm (D:1)
  A giant cockroach (D:1)
  A goblin (D:1)
  3 hobgoblins (D:1)
  6 jackals (D:1)
  3 quokkas
  2 frilled lizards (D:1)
  2 kobolds (D:1)
  3 rats (D:1)
28 creatures vanquished.

Notes
Turn   | Place    | Note
-------+----------+-------------------------------------------
     0 | D:1      | retardedninja the Coglin Fighter began the quest for the
                  | Orb.
     0 | D:1      | Reached XP level 1. HP: 18/18 MP: 1/1
   172 | D:1      | Reached XP level 2. HP: 24/24 MP: 2/2
   417 | D:1      | Reached XP level 3. HP: 29/29 MP: 3/3
   469 | D:1      | Found a faded altar of an unknown god.
  1111 | D:2      | Reached XP level 4. HP: 24/37 MP: 4/4
  1119 | D:2      | Slain by a gnoll

Illustrated notes

Levels and vault maps discovered:
D:1:      dpeg_arrival_erosion, layout_basic,
          shapermc_ecumenical_altar_flowoftime, minmay_misc_feat_room
D:2:      layout_rooms

Skill      XL: |  1  2  3 |
---------------+----------+-----
Armour         | 3 |  3.1
Axes           | 3 |  3.0
Fighting       | |  3.7
Shields        | |  2.2

Action                     |  1- 3 |  4- 6 || total
---------------------------+-------+-------++-------
  Melee: War axe           |    57 |     5 ||    62
         Short sword       |    44 |     4 ||    48
    Use: Scroll            |     3 |       ||     3
         Potion            |     1 |       ||     1
   Stab: Invisible         |     1 |     1 ||     2
 Armour: Scale mail        |    51 |       ||    51
         Plate armour      |     5 |     7 ||    12
  Dodge: Dodged            |    43 |     2 ||    45
  Block: Buckler           |     6 |       ||     6

Table legend: (Time is in decaauts)
 A = Elapsed time spent in this place.
 B = Non-inter-level travel time spent in this place.
 C = Inter-level travel time spent in this place.
 D = Time resting spent in this place.
 E = Time spent auto-exploring this place.
 F = Levels seen in this place.
 G = Mean time per level.
                   A        B        C        D        E       F      G
               +--------+--------+--------+--------+--------+-----+--------+
         Total |   1134 |   1049 |     85 |      0 |    862 |   2 |  567.0 |
       Dungeon |   1134 |   1049 |     85 |      0 |    862 |   2 |  567.0 |
               +--------+--------+--------+--------+--------+-----+--------+

Top non-repeatable levels by time:
     D:1: 1065 daAuts
     D:2: 68 daAuts
